 Dungeon Crawl Stone Soup version 0.29-a0-559-g359e09b9d1 (webtiles) character file.

Game seed: 9245296597919901646

74 Sabo the Chopper (level 4, 0/33 HPs)
             Began as a Demonspawn Gladiator on June 9, 2022.
             Was an Initiate of Ashenzari.
             Slain by Natasha (6 damage)
             ... on level 2 of the Dungeon.
             The game lasted 00:10:11 (2809 turns).

Sabo the Chopper (Demonspawn Gladiator)             Turns: 2809, Time: 00:10:12

Health: 0/33       AC:  5    Str: 17    XL:     4   Next: 9%
Magic:  4/4        EV: 11    Int:  9    God:    Ashenzari [......]
Gold:   74         SH:  0    Dex: 14    Spells: 3/3 levels left

rFire   + . .      SeeInvis .   a - +0 war axe
rCold   . . .      Faith    .   (no shield)
rNeg    . . .      Spirit   .   k - +0 ring mail
rPois   .          Reflect  .   (helmet restricted)
rElec   .          Harm     .   (no cloak)
rCorr   .          Rampage  .   (no gloves)
Will    .....                   (no boots)
Stlth   +.........              (no amulet)
HPRegen 0.11/turn               l - ring of the Bound Loss {rF+, Evo, Alch} (curse)
MPRegen 0.09/turn               (no ring)

@: no status effects
A: antennae 2
a: Renounce Religion, Curse Item, Shatter the Chains


You were on level 2 of the Dungeon.
You worshipped Ashenzari.
Ashenzari was noncommittal.
You visited 1 branch of the dungeon, and saw 2 of its levels.

You collected 100 gold pieces.
You spent 26 gold pieces at shops.

Inventory:

Hand Weapons
 a - a +0 war axe (weapon)
 i - a +0 dagger of draining
 n - a +0 hunting sling
Missiles
 d - 3 throwing nets (quivered)
 e - a javelin
Armour
 k - a +0 ring mail (worn)
Jewellery
 l - the cursed ring of the Bound Loss (left hand) {rF+, Evo, Alch}
   (You found it on level 1 of the Dungeon)

   [ring of protection from fire]

   rF:        It protects you from fire.
   It has a curse which improves the following skills: Evocations: Evocations.
   Alchemy:   Poison Magic and Transmutations.
 r - a ring of protection from fire
Scrolls
 b - 2 scrolls of noise {unknown}
 c - 5 scrolls of identify
 h - a scroll of silence {unknown}
 j - 2 scrolls of teleportation {unknown}
Potions
 f - a potion of invisibility {unknown}
 g - a potion of curing {unknown}
 m - a potion of flight {unknown}
 o - a potion of haste {unknown}
 p - a potion of brilliance {unknown}
 q - a potion of might {unknown}


   Skills:
 + Level 2.2 Fighting
 + Level 3.6 Axes
 + Level 1.8 Throwing
 + Level 1.3 Armour
 + Level 3.1 Dodging
 + Level 0.1 Stealth


You had 3 spell levels left.
You didn't know any spells.
Your spell library contained the following spells:

 Spells                   Type           Power      Damage    Failure   Level
 Summon Small Mammal      Summ           0%         N/A       58%         1
 Call Canine Familiar     Summ           0%         N/A       92%         3
 Summon Guardian Golem    Hex/Summ       0%         N/A       92%         3
 Anguish                  Hex/Necr       0%         N/A       100%        4
 Enfeeble                 Hex            0%         N/A       100%        7


Dungeon Overview and Level Annotations

Branches:
Dungeon (2/15)

Altars:
Ashenzari

Shops:
D:2 ?

Annotations:
D:2 Natasha


Innate Abilities, Weirdness & Mutations

You have a pair of antennae on your head.


Message History

There is an open door here.
You open the door.
There is an open door here.
Found a stone staircase leading up.
There is an open door here.
There is an open door here.
Found a white potion.
Found a ring of protection from fire.
q - a white potion
r - a ring of protection from fire You open the door.
Found a stone staircase leading down.
Found an escape hatch in the floor.
There is an open door here.
There is an open door here.
As you open the door, it creaks loudly!
There is an open door here.
Natasha, Servant of Life and Death comes into view.
Natasha hisses angrily.
Natasha casts a spell at you. The magic dart hits you. Natasha misses you.
Natasha claws you.
You miss Natasha. Natasha casts a spell at you. The magic dart hits you.
You closely miss Natasha. Natasha casts a spell at you.
You resist with some effort.
You barely miss Natasha. Natasha barely misses you. Natasha claws you.
You closely miss Natasha.
Natasha stares at you and mumbles some strange words.
The magic dart hits you!
* * * LOW HITPOINT WARNING * * *
You hit Natasha but do no damage.
Natasha stares at you and mumbles some strange words.
The magic dart hits you.
* * * LOW HITPOINT WARNING * * *
You closely miss Natasha. Natasha closely misses you. Natasha claws you.
You die...

... ..# #......### #.##
#.# #......# #.## #.#
#......# #..#
#.######......# ...##
##'#######......'......#
....#
#.............###......###
..#.# #.............#
###....... ..#.##
#........h....# #.......
..#..# #........@....#
#....... ..##.#
#.............# #.......
..##.###.............#
#.......
..##..##.)...........#
#.......
..###.##.............#
#.(.....
..###..#.............#
#.......
...###.#.............#
#....... ...#
#..#.############ #.......
...# ##.#.# ########
#.......


You could see Natasha.

Vanquished Creatures
  Natasha (D:2)
  2 worms (D:2)
  A dart slug (D:2)
  3 bats (D:1)
  An endoplasm (D:2)
  3 giant cockroaches
  4 goblins (D:1)
  4 hobgoblins (D:1)
  4 jackals (D:1)
  4 ball pythons
  2 frilled lizards (D:1)
  7 kobolds
  2 rats (D:1)
38 creatures vanquished.

Notes
Turn   | Place    | Note
-------+----------+-------------------------------------------
     0 | D:1      | Sabo the Demonspawn Gladiator began the quest for the Orb.
     0 | D:1      | Reached XP level 1. HP: 16/16 MP: 1/1
   478 | D:1      | Gained mutation: You have a pair of small antennae on your
                  | head. [demonic ancestry]
   478 | D:1      | Reached XP level 2. HP: 22/22 MP: 2/2
   885 | D:1      | Found a faded altar of an unknown god.
   914 | D:1      | Prayed at the altar of an unknown god.
   914 | D:1      | Became a worshipper of Ashenzari the Shackled
  1532 | D:1      | Gained mutation: You have a pair of antennae on your head.
                  | [demonic ancestry]
  1532 | D:1      | Reached XP level 3. HP: 27/27 MP: 3/3
  1783 | D:2      | Found Lodeymm's Magic Scroll Boutique.
  1796 | D:2      | Bought a scroll of identify for 26 gold pieces
  2257 | D:2      | Reached skill level 1 in Armour
  2501 | D:2      | Noticed Natasha
  2505 | D:2      | Killed Natasha
  2506 | D:2      | Reached XP level 4. HP: 16/33 MP: 4/4
  2796 | D:2      | Noticed Natasha
  2809 | D:2      | Slain by Natasha

Illustrated notes

Levels and vault maps discovered:
D:1:      dpeg_arrival_lava_temple_mockup, layout_loops_corners,
          hellmonk_ecumenical_altar_heavens_door
D:2:      layout_basic, serial_shops, shop_scrolls, uniq_natasha

Skill      XL: |  1  2  3 |
---------------+----------+-----
Axes           | 3 |  3.6
Dodging        | 3 |  3.1
Armour         | 1 |  1.3
Fighting       | |  2.2
Throwing       | |  1.8
Stealth        | |  0.1

Action                   |  1- 3 |  4- 6 || total
-------------------------+-------+-------++-------
Melee: War axe           |    95 |    12 ||   107
       Punch             |     2 |       ||     2
Invok: Curse Item        |     1 |       ||     1
Armor: Leather armour    |    20 |       ||    20
       Ring mail         |    10 |     3 ||    13
Dodge: Dodged            |    74 |     5 ||    79

Table legend: (Time is in decaauts)
 A = Elapsed time spent in this place.
 B = Non-inter-level travel time spent in this place.
 C = Inter-level travel time spent in this place.
 D = Time resting spent in this place.
 E = Time spent auto-exploring this place.
 F = Levels seen in this place.
 G = Mean time per level.
                   A        B        C        D        E       F      G
               +--------+--------+--------+--------+--------+-----+--------+
         Total |   2844 |   2844 |      0 |   1160 |      0 |   2 | 1422.0 |
       Dungeon |   2844 |   2844 |      0 |   1160 |      0 |   2 | 1422.0 |
               +--------+--------+--------+--------+--------+-----+--------+

Top non-repeatable levels by time:
     D:1: 1735 daAuts
     D:2: 1109 daAuts
